 Dungeon Crawl Stone Soup version 0.24-a0-464-g6b2be6b8c7 (webtiles) character file.

Game seed: 7504110320065493197

2 mhoghedin the Stinger (level 1, 0/11 HPs)
             Began as an Octopode Venom Mage on July 3, 2019.
             Slain by an ooze (1 damage)
             ... on level 1 of the Dungeon.
             The game lasted 00:00:25 (80 turns).

mhoghedin the Stinger (Octopode Venom Mage)           Turns: 80, Time: 00:00:26

Health: 0/11       AC:  1    Str:  7    XL:     1   Next: 30%
Magic:  3/3        EV: 13    Int: 17    God:
Gold:   13         SH:  0    Dex: 12    Spells: 3/4 levels left

rFire    . . .     SeeInvis .   a - +0 club
rCold    . . .     Gourm    .   (no shield)
rNeg     . . .     Faith    .   (helmet restricted)
rPois    .         Spirit   .   (no amulet)
rElec    .         Reflect  .   (no ring)
rCorr    .         Harm     .   (no ring)
MR       .....                  (no ring)
Stlth    +++.......             (no ring)
HPRegen  0.03/turn              (no ring)
MPRegen  0.08/turn              (no ring)
                                (no ring)
                                (no ring)

@: no status effects
A: almost no armour, stealthy swim, amphibious, 8 rings, constrict 8, camouflage
1, gelatinous body 1
a: no special abilities


You were on level 1 of the Dungeon.
You were not hungry.

You visited 1 branch of the dungeon, and saw 1 of its levels.

You collected 13 gold pieces.

Inventory:

Hand Weapons
 a - a +0 club (weapon)
   (You took it off a hobgoblin on level 1 of the Dungeon)
Comestibles
 b - a ration


   Skills:
 + Level 0.0 Fighting
 + Level 2.0 Dodging
 - Level 2.6 Stealth
 - Level 2.0 Spellcasting
 - Level 1.0 Conjurations
 - Level 3.8 Poison Magic


You had 3 spell levels left.
You knew the following spells:

 Your Spells              Type           Power        Failure   Level  Hunger
a - Sting                 Conj/Pois      #...         7%          1    #......

Your spell library contained the following spells:

 Spells                   Type           Power        Failure   Level  Hunger
 Poisonous Vapours        Pois/Air       #.....       13%         2    ###....
 Mephitic Cloud           Conj/Pois/Air  #.......     30%         3    ###....
 Olgreb's Toxic Radiance  Pois           ##......     36%         4    #####..
 Venom Bolt               Conj/Pois      #.........   89%         5    ######.


Dungeon Overview and Level Annotations

Branches:
Dungeon (1/15)

Altars:


Innate Abilities, Weirdness & Mutations

You cannot wear most types of armour.
You are very stealthy in the water. (Stealth+)
You are amphibious.
You can wear up to eight rings at the same time.
You can use your tentacles to constrict eight enemies at once.
Your skin changes colour to match your surroundings (Stealth+).
Your rubbery body absorbs attacks. (AC +1, EV +1)


Message History

Welcome, mhoghedin the Octopode Venom Mage.
Will you prevail where others failed? Will you find the Orb of Zot?
Found 13 gold pieces.
Found a staircase leading out of the dungeon.
You now have 9 gold pieces.
You now have 13 gold pieces (gained 4).
You open the door.
There is an open door here.
You see here 13 stones.
A frilled lizard comes into view.
A frilled lizard is nearby!
A hobgoblin comes into view. It is wielding a +0 club.
The helpless frilled lizard fails to defend itself.
You tentacle-slap the frilled lizard.
You kill the frilled lizard!
You see here a frilled lizard corpse.
The helpless hobgoblin fails to defend itself.
You tentacle-slap the hobgoblin but do no damage.
You grab the hobgoblin.
You constrict the hobgoblin, but do no damage.
The hobgoblin barely misses you.
You tentacle-slap the hobgoblin but do no damage.
You constrict the hobgoblin.
You tentacle-slap the hobgoblin but do no damage.
You constrict the hobgoblin. The hobgoblin hits you with a +0 club.
You take 2 damage, and have 9/11 hp.
You tentacle-slap the hobgoblin but do no damage.
You constrict the hobgoblin. The hobgoblin barely misses you.
You tentacle-slap the hobgoblin.
You kill the hobgoblin!
No target in view!
a - a +0 club Wield which item (- for none, * to show all)? (? for menu, Esc to quit)
a - a +0 club (weapon)
You start resting.
Health restored: 11 An ooze and a dart slug come into view.
The ooze quivers.
The ooze moves out of view.
A dart slug is nearby!
The ooze barely misses you.
You hit the ooze. The ooze closely misses you.
You barely miss the ooze. The ooze closely misses you.
The ooze barely misses you.
You hit the ooze. The ooze hits you.
You take 1 damage, and have 10/11 hp.
You hit the ooze but do no damage. The ooze hits you.
You take 1 damage, and have 9/11 hp.
You barely miss the ooze. The ooze hits you. x2
* * * LOW HITPOINT WARNING * * *
You take 7 damage, and have 2/11 hp.
MASSIVE DAMAGE!!
You hit the ooze. The ooze closely misses you.
You hit the ooze. The ooze barely misses you.
You barely miss the ooze. You squeeze the ooze. The ooze barely misses you.
The ooze hits you.
* * * LOW HITPOINT WARNING * * *
You take 1 damage, and have 1/11 hp.
You hit the ooze but do no damage. The ooze hits you.
You die...

.... #!.# #..#.#
##### ####.$#.#
###8.8## .....#.#
#......#
...##..w...
#......#
........#.#
#......## #J#.#
###......8# #@#.#
#.'......<# #...#
#(#......8#
###†###.#......##
#.....#......#
#.#####......#
#.# ###8.8## #.#
##### #.. ###


You could see an ooze and a dart slug.

Vanquished Creatures
  A hobgoblin (D:1)
  A frilled lizard (D:1)
2 creatures vanquished.

Notes
Turn   | Place    | Note
-------+----------+-------------------------------------------
     0 | D:1      | mhoghedin the Octopode Venom Mage began the quest for the
                  | Orb.
     0 | D:1      | Reached XP level 1. HP: 11/11 MP: 3/3
    76 | D:1      | HP: 2/11 [ooze (2)]
    80 | D:1      | Slain by an ooze

Levels and vault maps discovered:
D:1:      mrwooster_arrival_statue_3, layout_loops_ring

Action                   || total
-------------------------++-------
Melee: Club              ||     9
       Unarmed           ||     6
       Constrict         ||     1
       Tentacles         ||     1
 Stab: Sleeping          ||     2
Dodge: Dodged            ||     9

Table legend:
 A = Non-vault XP
 B = Vault XP
 C = Vault XP percentage of total XP
 D = Non-vault monster count
 E = Vault monster count
 F = Vault count percentage of total count
                 A         B        C        D         E       F
            +---------+---------+-------+---------+---------+-------
      Total |       3 |       0 |   0.0 |       2 |       0 |   0.0
            +---------+---------+-------+---------+---------+-------
        D:1 |       3 |       0 |   0.0 |       2 |       0 |   0.0
            +---------+---------+-------+---------+---------+-------

Levels and vault maps discovered:
D:1:      mrwooster_arrival_statue_3, layout_loops_ring

Table legend:
 A = Turns spent in this place as a percentage of turns spent in the entire game.
 B = Non-inter-level travel turns spent in this place as a percentage of non-inter-level travel turns spent in the entire game.
 C = Inter-level travel turns spent in this place as a percentage of turns spent in this place.
 D = Turns resting spent in this place as a percentage of non-inter-level travel turns spent in this place.
 E = Turns spent auto-exploring this place as a percentage of non-inter-level travel turns spent in this place.
 F = Non-inter-level travel turns spent in this place divided by the number of levels of this place that you've seen.
                   A       B       C       D       E      F
               +-------+-------+-------+-------+-------+----------------------
         Total | 100.0 | 100.0 |   0.0 |  47.5 |   8.8 |  80.0
       Dungeon | 100.0 | 100.0 |   0.0 |  47.5 |   8.8 |  80.0
               +-------+-------+-------+-------+-------+----------------------

Table legend:
 A = Kills in this place as a percentage of kills in entire the game.
 B = Kills by you in this place as a percentage of kills by you in the entire game.
 C = Kills by friends in this place as a percentage of kills by friends in the entire game.
 D = Other kills in this place as a percentage of other kills in the entire game.
 E = Experience gained in this place as a percentage of experience gained in the entire game.
 F = Experience gained in this place divided by the number of levels of this place that you have seen.
                   A       B       C       D       E      F
               +-------+-------+-------+-------+-------+----------------------
         Total | 100.0 | 100.0 |   N/A |   N/A | 100.0 |   3.0
       Dungeon | 100.0 | 100.0 |   N/A |   N/A | 100.0 |   3.0
               +-------+-------+-------+-------+-------+----------------------
